Map: Oceanborn LE

Players

PattyMac - Winner!

  • Race: Protoss Protoss
  • Spawn Location: 5:00

DisReSpeCT

  • Race: Terran Terran
  • Spawn Location: 11:00

Event: ESL Spring 2024 Finals

VOD

Have the link to the VOD?

Description

Time

  • Played on: May 31, 2024, 5:47 p.m.
  • Length: 13:22

All games in this series

Show
View Real Time Build Order
Export as new Build Order

PattyMac Protoss - Winner!

Build Orders: 1 Gate Expand, Phoenix Opening, Carriers 

Get SALT Encoding   

  12  0:00  Probe  
  13  0:13  Probe  
  14  0:17  Pylon  
  14  0:25  Probe (Chrono Boost)  
  15  0:37  Probe (Chrono Boost)  
  15  0:40  Gateway  
  16  0:43  Probe (Chrono Boost)  
  16  0:46  Assimilator  
  17  0:51  Probe  
  18  1:03  Probe  
  19  1:16  Probe  
  20  1:26  Cybernetics Core  
  20  1:33  Nexus  
  20  1:36  Probe  
  21  1:43  Pylon  
  21  1:48  Probe  
  21  1:52  Assimilator  
  22  2:00  Probe (Chrono Boost)  
  23  2:02  Adept (Chrono Boost)  
  25  2:10  Probe (Chrono Boost)  
  26  2:16  Probe (Chrono Boost)  
  26  2:22  Stargate  
  27  2:27  Probe  
  30  2:30  Adept  
  30  2:33  Warp Gate  
  30  2:41  Probe (Chrono Boost)  
  31  2:46  Shield Battery  
  31  2:48  Probe (Chrono Boost)  
  32  2:57  Probe (Chrono Boost)  
  33  2:59  Probe (Chrono Boost)  
  33  3:01  Adept  
  33  3:04  Probe  
  37  3:07  Phoenix (Chrono Boost)  
  37  3:11  Probe  
  40  3:14  Robotics Facility  
  40  3:16  Probe  
  41  3:21  Pylon  
  41  3:23  Probe  
  42  3:28  Probe  
  42  3:31  Assimilator  
  43  3:35  Probe  
  43  3:36  Phoenix (Chrono Boost)  
  46  3:43  Probe  
  46  3:47  Probe  
  48  3:55  Probe  
  49  3:57  Assimilator  
  49  3:59  Probe  
  49  4:00  Gateway  
  49  4:02  Observer (Chrono Boost)  
  51  4:05  Phoenix  
  51  4:07  Probe  
  54  4:17  Pylon  
  54  4:26  Pylon  
  54  4:32  Pylon  
  54  4:35  Phoenix (Chrono Boost), Probe x2, Immortal (Chrono Boost)  
  62  4:45  Stalker  
  64  4:47  Probe  
  64  4:49  Probe  
  64  4:51  Phoenix  
  66  4:56  Stalker, Pylon  
  66  4:58  Shield Battery  
  70  5:12  Immortal (Chrono Boost)  
  72  5:24  Phoenix  
  66  5:31  Stalker x2  
  66  5:34  Probe x2  
  72  5:41  Nexus  
  72  5:42  Pylon  
  72  5:49  Phoenix  
  74  5:59  Immortal (Chrono Boost)  
  74  6:00  Probe x2  
  74  6:03  Robotics Bay  
  78  6:08  Gateway  
  78  6:12  Probe  
  78  6:16  Phoenix (Chrono Boost)  
  81  6:21  Sentry  
  81  6:23  Zealot  
  81  6:25  Pylon  
  85  6:28  Pylon  
  85  6:30  Probe  
  86  6:33  Protoss Air Weapons Level 1  
  86  6:36  Shield Battery  
  86  6:39  Pylon  
  86  6:43  Probe x2  
  88  6:50  Fleet Beacon, Colossus (Chrono Boost)  
  93  6:55  Probe  
  93  6:59  Phoenix (Chrono Boost)  
  96  7:04  Probe  
  96  7:07  Probe  
  96  7:08  Probe  
  99  7:09  Forge  
  99  7:12  Pylon  
  99  7:18  Probe  
  100  7:23  Phoenix  
  100  7:29  Phoenix  
  102  7:30  Extended Thermal Lance  
  102  7:32  Probe x3  
  102  7:34  Assimilator  
  105  7:37  Assimilator  
  105  7:39  Protoss Ground Weapons Level 1 (Chrono Boost)  
  105  7:40  Zealot x3  
  105  7:41  Pylon  
  111  7:44  Probe  
  111  7:49  Probe  
  114  7:51  Probe  
  114  7:53  Colossus (Chrono Boost)  
  114  7:56  Probe  
  121  8:02  Probe  
  122  8:11  Stargate  
  122  8:13  Carrier (Chrono Boost)  
  122  8:18  Pylon  
  128  8:21  Pylon  
  128  8:22  Photon Cannon  
  128  8:24  Shield Battery, Zealot x2  
  132  8:28  Stalker  
  134  8:40  Colossus  
  140  8:50  Nexus  
  140  8:54  Zealot x2  
  144  9:02  Protoss Air Weapons Level 2 (Chrono Boost)  
  144  9:03  Carrier (Chrono Boost), Pylon  
  144  9:05  Pylon  
  144  9:08  Zealot, Pylon  
  152  9:13  Pylon  
  126  9:37  Pylon  
  126  9:42  Carrier (Chrono Boost)  
  126  9:43  Nexus  
  126  9:44  Pylon  
  132  9:50  Stargate  
  132  9:52  Twilight Council, Probe x2  
  134  9:54  Pylon  
  134  9:57  Zealot x3  
  134  9:59  Colossus (Chrono Boost)  
  146  10:12  Probe x2  
  148  10:15  Assimilator  
  148  10:17  Assimilator, Pylon  
  148  10:20  Photon Cannon  
  148  10:21  Shield Battery  
  148  10:23  Carrier  
  148  10:26  Protoss Ground Weapons Level 2 (Chrono Boost)  
  154  10:33  Probe x3  
  154  10:35  Sentry  
  159  10:38  Sentry  
  159  10:41  Charge  
  161  10:45  Gateway  
  161  10:48  Probe  
  162  10:57  Carrier  
  162  10:59  Observer (Chrono Boost)  
  162  11:03  Probe  
  170  11:17  Carrier  
  176  11:18  Disruptor (Chrono Boost)  
  176  11:19  Carrier  
  176  11:22  Observer  
  180  11:26  Zealot x3  
  180  11:29  Pylon  
  192  11:32  Pylon  
  192  11:55  Disruptor (Chrono Boost)  
  196  12:03  Pylon  
  196  12:04  Pylon  
  196  12:07  Gateway  
  196  12:08  Probe x2  
  196  12:10  Gateway  
  196  12:11  Gateway  
  198  12:15  Gateway  
  198  12:19  Templar Archives  
  198  12:21  Nexus, Pylon  
  198  12:22  Pylon  
  194  12:24  Disruptor  
  198  12:46  Stargate  
  198  12:49  Stargate  
  198  12:51  Pylon  
Show
View Real Time Build Order
Export as new Build Order

DisReSpeCT Terran 

Build Orders:  

Get SALT Encoding   

  12  0:00  SCV  
  13  0:12  SCV  
  14  0:17  Supply Depot  
  14  0:24  SCV  
  15  0:38  SCV  
  15  0:40  Barracks  
  16  0:42  Refinery  
  16  0:50  SCV  
  16  0:52  Refinery  
  17  1:03  SCV  
  18  1:15  SCV  
  19  1:27  Orbital Command, Reaper  
  19  1:29  Supply Depot  
  20  1:41  Factory  
  20  1:54  SCV  
  20  2:00  Barracks Reactor  
  21  2:06  SCV  
  22  2:16  Command Center  
  22  2:18  SCV  
  23  2:28  Hellion  
  25  2:31  SCV  
  25  2:36  Reaper x2  
  28  2:39  Supply Depot  
  28  2:46  SCV  
  28  2:49  Hellion  
  31  2:55  Starport  
  31  3:03  SCV  
  32  3:18  Cyclone  
  32  3:19  Marine, Cyclone  
  37  3:20  SCV  
  38  3:29  Orbital Command  
  38  3:32  SCV  
  39  3:38  Medivac  
  39  3:40  Marine  
  42  3:44  SCV  
  43  3:53  Cyclone x2  
  43  3:55  SCV  
  48  3:56  SCV  
  48  3:58  Supply Depot  
  49  4:03  Marine  
  49  4:07  SCV  
  49  4:08  Viking  
  53  4:18  SCV  
  53  4:19  SCV  
  53  4:21  Marine  
  56  4:25  Cyclone x2  
  56  4:30  SCV  
  61  4:31  SCV  
  61  4:33  Supply Depot  
  62  4:46  Barracks Tech Lab  
  62  4:49  Command Center  
  62  4:54  SCV, Viking  
  62  4:56  SCV  
  62  4:58  Refinery  
  66  5:06  SCV  
  56  5:15  Cyclone x2  
  53  5:32  SCV  
  53  5:33  Starport Tech Lab  
  53  5:34  Marine, Stimpack  
  53  5:35  SCV  
  55  5:37  Barracks  
  55  5:38  Barracks  
  52  5:44  SCV  
  52  5:48  SCV  
  54  5:53  Raven  
  54  5:56  SCV  
  53  6:00  SCV  
  53  6:01  Orbital Command  
  53  6:04  Factory Tech Lab  
  54  6:08  SCV, Engineering Bay  
  54  6:09  Refinery  
  54  6:10  Engineering Bay  
  55  6:12  SCV  
  55  6:13  Marine  
  57  6:21  SCV  
  57  6:22  Siege Tank  
  57  6:24  SCV  
  62  6:32  SCV  
  63  6:33  SCV  
  63  6:36  SCV  
  63  6:37  Terran Infantry Weapons Level 1, Terran Infantry Armor Level 1  
  63  6:38  Marine  
  66  6:41  Combat Shield  
  66  6:43  Barracks x2  
  66  6:44  SCV, Marine x2, Marauder  
  66  6:45  SCV  
  72  6:48  SCV, Starport Reactor  
  73  6:55  Supply Depot, Orbital Command  
  73  6:57  SCV  
  73  7:00  Marauder  
  76  7:02  Siege Tank, Marine  
  76  7:03  Marine  
  76  7:04  SCV  
  76  7:05  Marine  
  76  7:07  Missile Turret  
  83  7:14  SCV  
  84  7:19  SCV  
  84  7:21  SCV  
  86  7:24  Missile Turret, Armory  
  86  7:26  SCV  
  86  7:27  Marine x2, Marauder x2  
  86  7:28  Supply Depot  
  93  7:31  Supply Depot  
  93  7:38  Barracks Tech Lab, Barracks Reactor  
  93  7:43  Supply Depot  
  93  7:44  Supply Depot  
  93  7:49  SCV x3, Marine x2, Siege Tank  
  101  7:52  Marine x2, Medivac x2  
  101  7:56  Concussive Shells  
  101  7:57  Marauder  
  109  8:04  Command Center  
  109  8:05  SCV x3  
  112  8:07  Refinery x2  
  112  8:10  Supply Depot  
  112  8:14  Marine x5  
  112  8:17  SCV x3  
  120  8:22  Siege Tank  
  123  8:29  Marauder  
  123  8:32  SCV, Marine, Marauder, Medivac x2  
  133  8:38  Supply Depot  
  133  8:40  Supply Depot  
  133  8:42  Starport  
  133  8:43  Barracks  
  133  9:00  SCV, Marine, Marauder x2  
  133  9:01  Marine  
  133  9:02  Marauder  
  142  9:05  SCV x2  
  142  9:06  Supply Depot, Viking x2  
  142  9:07  Terran Vehicle Weapons Level 1  
  146  9:22  Marauder  
  126  9:30  Siege Tank, Marine x3, Marauder x2  
  126  9:31  Barracks Tech Lab  
  123  9:32  Starport Reactor  
  123  9:37  SCV x2  
  121  9:40  Marine  
  121  9:41  Barracks  
  121  9:42  Barracks, Terran Infantry Weapons Level 2  
  121  9:43  Terran Infantry Armor Level 2  
  121  9:44  SCV  
  125  9:49  SCV, Marine  
  125  9:51  Ghost Academy  
  125  9:52  Missile Turret  
  131  9:53  Missile Turret  
  131  9:54  Missile Turret  
  131  9:58  Marine x2  
  127  10:00  Marine x5  
  127  10:02  Viking x2  
  127  10:04  SCV x2  
  127  10:05  SCV  
  139  10:11  Viking  
  139  10:12  Viking  
  143  10:16  SCV  
  143  10:17  SCV x2  
  143  10:18  Refinery  
  143  10:19  Refinery  
  146  10:22  Planetary Fortress  
  146  10:25  Ghost  
  148  10:28  SCV, Ghost  
  148  10:30  Marine  
  148  10:31  Barracks Reactor  
  148  10:32  Barracks Reactor  
  148  10:33  Marine  
  153  10:37  Marine, Missile Turret  
  153  10:38  Marauder  
  153  10:39  Viking  
  153  10:42  SCV x2  
  160  10:46  Viking  
  160  10:47  Viking  
  164  10:54  Marine x5, Viking  
  164  10:55  Marine  
  172  10:58  Supply Depot  
  172  11:01  Supply Depot  
  172  11:12  Supply Depot  
  172  11:19  SCV x2, Marine x2, Viking x2  
  172  11:22  Marine x5  
  172  11:23  Supply Depot, SCV x2, Marine  
  188  11:31  Personal Cloaking  
  188  11:32  Supply Depot  
  188  11:33  Supply Depot, Marine, Ghost  
  188  11:34  SCV, Viking x2  
  188  11:36  Ghost  
  188  11:37  SCV x2  
  200  11:47  Command Center  
  200  11:48  Command Center  
  200  12:15  SCV  
  200  12:24  Missile Turret  
  200  12:31  Starport  
  200  12:32  Armory  
  200  12:33  Starport  
  200  12:34  Starport  
  200  12:35  Viking x4  
  200  12:36  Ghost x2  
  192  12:54  Command Center  
Tags
 
Add a new tag
Caveats
  • Supply blocks, unpowered buildings, or Contaminate may cause inaccurate times.
  • Supply counts are checked every 10 seconds.